 Dungeon Crawl Stone Soup version 0.31-a0-188-g5e087ee2ca (webtiles) character file.

Game seed: 16096243255344520371

156 qw the Skirmisher (level 5, 0/29 HPs)
             Began as a Deep Elf Hunter on June 23, 2023.
             Slain by a water moccasin (6 damage)
             ... on level 3 of the Dungeon.
             The game lasted 00:01:01 (2271 turns).

qw the Skirmisher (Deep Elf Hunter)                 Turns: 2271, Time: 00:01:02

Health: 0/29       AC:  8    Str:  5    XL:     5   Next: 14%
Magic:  7/7        EV:  9    Int: 21    God:
Gold:   178        SH:  0    Dex: 18    Spells: 4/4 levels left

rFire   + . .        Y - +1 shortbow
rCold   x . .        (shield currently unavailable)
rNeg    + . .        p - +0 ring mail
rPois   .            (no helmet)
rElec   +            o - +0 cloak
rCorr   .            l - +1 pair of gloves
SInv    .            (no boots)
Will    .....        n - amulet of faith
Stlth   +            b - ring of Ducs {Fire rElec rN+ Str-5 Int+7}
HPRegen 0.24/turn    (no ring)
MPRegen 0.10/turn

%: faith
@: lethally poisoned (0 -> -1)
A: no striking features
a: no special abilities


You were on level 3 of the Dungeon.
You visited 1 branch of the dungeon, and saw 3 of its levels.

You collected 178 gold pieces.


   Skills:
 - Level 1.5 Fighting
 + Level 8.6 Ranged Weapons
 - Level 2.4 Dodging
 - Level 1.2 Stealth


You had 4 spell levels left.
You didn't know any spells.
Your spell library was empty.

Inventory:

Hand Weapons
 Y - a +1 shortbow (weapon)
Armour
 l - a +1 pair of gloves (worn)
 o - a +0 cloak (worn)
 p - a +0 ring mail (worn)
Jewellery
 b - the ring of Ducs (left hand) {Fire rElec rN+ Str-5 Int+7}
   (You acquired it on level 2 of the Dungeon)

   [ring of fire]

   It enhances your fire magic.
   Str:       It affects your strength (-5).
   Int:       It affects your intelligence (+7).
   rF:        It protects you from fire.
   rC:        It makes you vulnerable to cold.
   rElec:     It insulates you from electricity.
   rN:        It protects you from negative energy.
 n - an amulet of faith (around neck)
Scrolls
 a - 2 scrolls of teleportation
 i - a scroll of identify
Potions
 d - a potion of might
 e - a potion of enlightenment
 f - a potion of resistance {unknown}
 g - 4 potions of curing
 h - a potion of brilliance {unknown}
 j - a potion of ambrosia {unknown}
 k - a potion of haste {unknown}
 m - a potion of berserk rage {unknown}

Dungeon Overview and Level Annotations

Branches:
Dungeon (3/15)

Altars:


Message History

Enter note:
Enter note:
Enter note:
Enter note:
Enter note:
Enter note:
Enter note:
Enter note:
Enter note:
Enter note:
Enter note:
Enter note: You shoot an arrow.
The arrow closely misses the water moccasin.
The water moccasin bites you.
You are poisoned.
The water moccasin poisons you!
You shoot an arrow. The arrow hits the water moccasin.
The water moccasin is lightly wounded.
You feel very sick.
The water moccasin bites you but does no damage.
The water moccasin bites you.
You shoot an arrow.
The arrow barely misses the water moccasin.
You feel sick. The water moccasin bites you.
The water moccasin barely misses you.
You shoot an arrow. The arrow misses the water moccasin.
You feel sick. The water moccasin barely misses you.
You shoot an arrow.
The arrow barely misses the water moccasin.
You feel sick.
The water moccasin completely misses you.
The water moccasin closely misses you.
You shoot an arrow. The arrow hits the water moccasin!
The water moccasin is moderately wounded.
You feel sick. The water moccasin barely misses you.
The water moccasin bites you but does no damage.
You shoot an arrow. The arrow misses the water moccasin.
You feel sick. The water moccasin bites you.
You die...

##..##[.##.##..##..
#....
#......#...#......
#####
##....##...##....
##..##.....##..#
####..#.#..####
#..#####..#
#..#?#)#..#
#..#S#.#..#
##.@.#...##
##.###.## ### ##


You could see a water moccasin.

Vanquished Creatures
  An orc priest (D:3)
  5 adders
  A worm (D:3)
  3 dart slugs
  4 orcs (D:3)
  6 endoplasms
  2 giant cockroaches
  7 goblins
  6 hobgoblins
  3 jackals
  2 quokkas (D:1)
  8 ball pythons
  3 bats
  6 frilled lizards
  8 kobolds
  2 rats (D:3)
67 creatures vanquished.

Notes
Turn   | Place    | Note
-------+----------+-------------------------------------------
     0 | D:1      | qw the Deep Elf Hunter began the quest for the Orb.
     0 | D:1      | Reached XP level 1. HP: 12/12 MP: 3/3
     0 | D:1      | 0 ||| qw: Version: 0.3-a-9-g12657ce
     0 | D:1      | 0 ||| qw: Game counter: 3314
     0 | D:1      | 0 ||| qw: Always use a shield: true
     0 | D:1      | 0 ||| qw: God list: Okawaru
     0 | D:1      | 0 ||| qw: Allow faded altars: false
     0 | D:1      | 0 ||| qw: Do Orc after D:15 true
     0 | D:1      | 0 ||| qw: Do second Lair branch before Depths: true
     0 | D:1      | 0 ||| qw: Lair rune preference: random
     0 | D:1      | 0 ||| qw: Plans: Normal
     0 | D:1      | 0 ||| PLANNING D:1-11
    73 | D:1      | Reached XP level 2. HP: 16/16 MP: 4/4
    92 | D:1      | Reached skill level 6 in Ranged Weapons
   413 | D:1      | Reached XP level 3. HP: 20/20 MP: 5/5
   628 | D:1      | 628 ||| READING 2 scrolls labelled EKIDIZ OJIPP.
   632 | D:1      | 632 ||| READING scroll labelled SIUCHEIFIN.
   633 | D:1      | 633 ||| READING 2 scrolls labelled KOL YSHAM QUI.
   634 | D:1      | 634 ||| READING scroll labelled DEWER SAEROMA.
   635 | D:1      | 635 ||| DRINKING 2 sapphire potions.
   636 | D:1      | 636 ||| DRINKING 3 inky potions.
   637 | D:1      | 637 ||| DROPPING scroll of butterflies.
   754 | D:2      | Reached skill level 7 in Ranged Weapons
  1198 | D:2      | Reached XP level 4. HP: 25/25 MP: 6/6
  1464 | D:2      | 1464 ||| UPGRADING to +0 cloak.
  1469 | D:2      | 1469 ||| READING scroll labelled VOTEUT NEARISY.
  1470 | D:2      | 1470 ||| READING scroll labelled SUVYHOBB YTRARGH.
  1471 | D:2      | 1471 ||| READING scroll labelled GEIRRY HUKEBB.
  1471 | D:2      | Identified a scroll of acquirement
  1471 | D:2      | 1471 ||| ACQUIRING ring of Ducs {Fire rElec rN+ Str-5
                  | Int+7}
  1471 | D:2      | Acquired the ring of Ducs {Fire rElec rN+ Str-5 Int+7}
  1473 | D:2      | 1473 ||| UPGRADING to ring of Ducs {Fire rElec rN+ Str-5
                  | Int+7}.
  1589 | D:3      | 1589 ||| FLEEEEING.
  1590 | D:3      | 1590 ||| FLEEEEING.
  1591 | D:3      | 1591 ||| FLEEEEING.
  1592 | D:3      | 1592 ||| FLEEEEING.
  1593 | D:3      | 1593 ||| FLEEEEING.
  1594 | D:3      | 1594 ||| FLEEEEING.
  1595 | D:3      | 1595 ||| FLEEEEING.
  1596 | D:3      | 1596 ||| FLEEEEING.
  1597 | D:3      | 1597 ||| FLEEEEING.
  1598 | D:3      | 1598 ||| FLEEEEING.
  1600 | D:3      | 1600 ||| FLEEEEING.
  1601 | D:3      | 1601 ||| FLEEEEING.
  1602 | D:3      | 1602 ||| FLEEEEING.
  1602 | D:3      | HP: 5/25 [orc priest/divine providence (13)]
  1603 | D:3      | 1603 ||| FLEEEEING.
  1611 | D:3      | 1611 ||| STAIRDANCE
  1899 | D:3      | 1899 ||| UPGRADING to +1 pair of gloves.
  1904 | D:3      | 1904 ||| UPGRADING to amulet of faith.
  1909 | D:3      | 1909 ||| READING 2 scrolls of identify.
  1909 | D:3      | 1909 ||| IDENTIFYING fuming puce potion
  1975 | D:3      | Reached skill level 8 in Ranged Weapons
  1977 | D:3      | Reached XP level 5. HP: 29/29 MP: 7/7
  2145 | D:3      | 2145 ||| UPGRADING to +0 ring mail.
  2243 | D:3      | 2243 ||| DROPPING +0 leather armour.
  2251 | D:3      | Noticed a water moccasin
  2271 | D:3      | HP: 6/29 [poisoned by a water moccasin]
  2271 | D:3      | Slain by a water moccasin

Levels and vault maps discovered:
D:1:      psy_arrival_spokes, layout_loops_ring, hangedman_abyss_or_decor_stabs,
          minmay_heptomino_h4
D:2:      layout_basic
D:3:      layout_basic, minmay_puff

Skill      XL: |  1  2  3  4 |
---------------+-------------+-----
Ranged Weapons | 6 7 8 |  8.6
Fighting       | |  1.5
Dodging        | |  2.4
Stealth        | |  1.2

Action                     |  1- 3 |  4- 6 || total
---------------------------+-------+-------++-------
   Fire: Shortbow          |   119 |    63 ||   182
    Use: Scroll            |     4 |     4 ||     8
         Potion            |     2 |       ||     2
 Armour: Leather armour    |     7 |       ||     7
         Ring mail         |       |     5 ||     5
  Dodge: Dodged            |    21 |    16 ||    37

Table legend:
 A = Non-vault XP
 B = Vault XP
 C = Vault XP percentage of total XP
 D = Non-vault monster count
 E = Vault monster count
 F = Vault count percentage of total count
                 A         B        C        D         E       F
            +---------+---------+-------+---------+---------+-------
      Total |     202 |      21 |   9.4 |      63 |       4 |   6.0
            +---------+---------+-------+---------+---------+-------
        D:1 |      48 |       8 |  14.3 |      29 |       3 |   9.4
        D:2 |      52 |       0 |   0.0 |      16 |       0 |   0.0
        D:3 |     102 |      13 |  11.3 |      18 |       1 |   5.3
            +---------+---------+-------+---------+---------+-------
